 Dungeon Crawl Stone Soup version 0.15-a0-1968-gb423ccb (webtiles) character file.

35 Amnesiac the Ogre Mage (level 3, -7/33 HPs)
             Began as an Ogre Transmuter on July 10, 2014.
             Mangled by Sigmund
             ... wielding a +5 scythe of flaming
              (9 damage)
             ... on Level 2 of the Dungeon.
             The game lasted 00:03:36 (794 turns).

Amnesiac the Ogre Mage (Ogre Transmuter)             Turns: 794, Time: 00:03:36

HP  -7/33        AC  3     Str 15      XL: 3   Next: 35%
MP   5/7         EV 10     Int 12      God:
Gold 19          SH  0     Dex 11      Spells:  2 memorised,  3 levels left

rFire  . . .     SeeInvis .     b - 29 arrows
rCold  . . .     Clarity  .     c - +0 robe
rNeg   . . .     rCorr    .     (shield restricted)
rPois  .         rRot     .     (helmet restricted)
rElec  .         Spirit   .     (no cloak)
SustAb .         Warding  .     (gloves unavailable)
rMut   .         Stasis   .     (boots unavailable)
Gourm  .                        (no amulet)
MR     .....                    (no ring)
                                (no ring)

@: not resistant to hostile enchantments, very unstealthy
A: unfitting armour, tough skin 1
a: no special abilities


You were on level 2 of the Dungeon.
You were not hungry.

You visited 1 branch of the dungeon, and saw 2 of its levels.

You collected 19 gold pieces.

Inventory:

Missiles
 b - 29 arrows (in hand)
 e - 17 poisoned needles
Armour
 c - a +0 robe (worn)
Comestibles
 a - a meat ration
 f - a rotting chunk of hobgoblin flesh
 g - a rotting chunk of goblin flesh
 l - a slice of pizza
Scrolls
 k - 2 scrolls of magic mapping
Books
 d - a book of Changes

   Spells                             Type                      Level
   Beastly Appendage                  Transmutation                1
   *Sticks to Snakes                  Transmutation                2
   *Spider Form                       Transmutation/Poison         3
   Ice Form                           Ice/Transmutation            4
   Blade Hands                        Transmutation                5


   Skills:
 - Level 1.3 Fighting
 - Level 1.7 Dodging
 - Level 2.6 Unarmed Combat
 - Level 3.0 Spellcasting
 + Level 2.3 Transmutations


You had 3 spell levels left.
You knew the following spells:

 Your Spells              Type           Power        Failure   Level  Hunger
d - Sticks to Snakes      Trmt           #.........   14%         2    ##.....
q - Spider Form           Trmt/Pois      #.........   56%         3    ####...


Dungeon Overview and Level Annotations

Branches:
Dungeon (2/15)

Altars:

Annotations:
D:2 Sigmund


Innate Abilities, Weirdness & Mutations

You are too large for most types of armour.
You have tough skin (AC +1).*


Message History

Read which item? (? for menu, Esc to quit)
As you read the scroll labeled GHYEGO SHROESOO, it crumbles to dust.
It is a scroll of identify.
Identify which item? (\ to view known items) (? for menu, Esc to quit)
k - 2 scrolls of magic mapping Your transformation has ended.
Your +0 robe unmelds from your body.
Sigmund misses you.
Read which item? (? for menu, Esc to quit)
As you read the scroll labeled SMISYF RASYTUNUE, it crumbles to dust.
Forget which spell ([?*] list [ESC] exit)?
Your memory of Beastly Appendage unravels.
It was a scroll of amnesia.
Sigmund barely misses you.
Wield which item (- for none, * to show all)? (? for menu, Esc to quit)
b - 30 arrows (in hand)
Casting: Spider Form
Confirm with . or Enter, or press ? or * to list all spells.
You create a snake!
Sigmund hits you from afar with a scythe of flaming!
You die...

#.# ######.# #....<.#
#####.####.#
#...#.####.#########
#..#.....)......?#
#.###......###.# #.#
##.###.# #.####.# #@#
S##.##...###.###....
.(..[.......@S........
.##.##..........####
..........#.##.#
........##.#.# ..#
............. ...
.....<##.#.#. #
.....##.#.##.


You could see Sigmund and a friendly ball python.

Vanquished Creatures
  A worm (D:1)
  3 giant geckos (D:1)
  An ooze (D:1)
  3 bats (D:1)
  3 giant cockroaches (D:1)
  6 goblins
  3 hobgoblins (D:1)
  A kobold (D:1)
  A giant newt (D:1)
  2 rats (D:1)
24 creatures vanquished.

Notes
Turn   | Place    | Note
--------------------------------------------------------------
     0 | D:1      | Amnesiac, the Ogre Transmuter, began the quest for the Orb.
     0 | D:1      | Reached XP level 1. HP: 19/19 MP: 3/3
   372 | D:1      | Reached XP level 2. HP: 22/27 MP: 3/5
   382 | D:1      | Learned a level 2 spell: Sticks to Snakes
   548 | D:1      | Reached skill level 3 in Spellcasting
   634 | D:1      | Reached XP level 3. HP: 24/33 MP: 5/7
   639 | D:1      | Learned a level 3 spell: Spider Form
   772 | D:2      | Noticed Sigmund
   788 | D:2      | HP: 1/33 [Sigmund/magic dart (6)]
   794 | D:2      | Mangled by Sigmund

Action                   || total
-------------------------++-------
Melee: Unarmed           ||    88
 Cast: Beastly Appendage ||    14
       Spider Form       ||     1
       Sticks to Snakes  ||     1
  Use: Scroll            ||     2
       Potion            ||     1
